[Event "*** Titled Tuesday 3|2 Blitz"]
[Site "Chess.com"]
[Date "2016.03.01"]
[Round "4"]
[White "oskariot"]
[Black "djgwards"]
[Result "0-1"]
[WhiteElo "2302"]
[BlackElo "2249"]
[TimeControl "180+2"]
[EndTime "17:41:37 PST"]
[Termination "djgwards won by resignation"]

1. a3 d5 2. h3 e5 3. b4 c6 4. Bb2 Bd6 5. e3 a5 6. b5 Nf6 7.
c4 O-O 8. Nf3 Re8 9. Be2 h6 10.
d3 Bf5 11. Nbd2 Nbd7 12. g4 Bh7 13. g5 hxg5 14. Nxg5 Bg6 15. h4 e4 16. h5 Nxh5 17.
Bxh5 Qxg5 18. Bxg6 Qxg6 19. dxe4 Ne5 20. Nf3 Qg2 21.
Rg1 Nxf3+ 0-1

[Event "*** Titled Tuesday 3|2 Blitz"]
[Site "Chess.com"]
[Date "2016.03.01"]
[Round "4"]
[White "ethylalcohol"]
[Black "josiwales"]
[Result "0-1"]
[WhiteElo "1726"]
[BlackElo "2095"]
[TimeControl "180+2"]
[EndTime "17:41:55 PST"]
[Termination "josiwales won on time"]

1. e4 c5 2. Nc3 e6 3. g3 Nc6 4. Bg2 g6 5. Nge2 Bg7 6. d3 Nge7 7. O-O O-O 8. Be3 Nd4 9. Qd2 d6 10. Nd1 f5 11. Nf4 e5 12. Ne2 Nxe2+ 13. Qxe2 f4 14. Bd2 Nc6 15. c3 h5 16. f3 Be6 17. Nf2 Qd7 18. Rfd1 g5 19. g4 hxg4 20. Nxg4 Bxg4 21.
fxg4 Rf6 22. Rf1 Kf7 23. Bf3 Rh8 24. Kg2 Rfh6 25. Rh1 b5 26. d4 cxd4 27. Qxb5 Rh3 28.
Raf1 Rxf3 0-1

[Event "*** Titled Tuesday 3|2 Blitz"]
[Site "Chess.com"]
[Date "2016.03.01"]
[Round "4"]
[White "Shivagami"]
[Black "evgenyermolaev"]
[Result "0-1"]
[WhiteElo "1801"]
[BlackElo "2087"]
[TimeControl "180+2"]
[EndTime "17:42:30 PST"]
[Termination "evgenyermolaev won by resignation"]

1. e4 c5 2. f4 d6 3. Nf3 Nc6 4. Bb5 Bd7 5. c3 Nf6 6. Qe2 a6 7. Bxc6 Bxc6 8. d3 g6 9. O-O Bg7 10. e5 Nd5 11. c4 Nc7 12. Nc3 O-O 13. Be3 b6 14. d4 Bxf3 15. Qxf3 cxd4 16. Bxd4 Ne6 17.
Be3 dxe5 18. Nd5 exf4 19. Bxb6 Qd7 20. Bf2 Rab8 21. Rab1 Rxb2 22. Rxb2 Bxb2 23. Nxf4 Nxf4 24. Qxf4 Bg7 25. Be3 e5 26. Qe4 Rc8 27. c5 Qe6 28. a4 Bf8 29. Qc2 Qd5 30. Rc1 Rc6 31. Qc4 Qxc4 32.
Rxc4 f5 33. Kf2 Kf7 34. Kf3 Ke6 35. g4 Kd5 36. Rc1 Bxc5 37. Rd1+ Bd4 38. Bxd4 exd4 39. gxf5 gxf5 40. Kf4 Rc2 41. Kxf5 Rf2+ 42. Kg4 Rxh2 43.
Kg3 Re2 44. Kf4 Kc4 45. Kf3 Re7 46. Kf4 d3 47. Rh1 d2 0-1

[Event "*** Titled Tuesday 3|2 Blitz"]
[Site "Chess.com"]
[Date "2016.03.01"]
[Round "4"]
[White "tigra"]
[Black "Goala"]
[Result "0-1"]
[WhiteElo "2404"]
[BlackElo "2255"]
[TimeControl "180+2"]
[EndTime "17:42:35 PST"]
[Termination "Goala won by checkmate"]

1. e4 e6 2. d4 d5 3. Nc3 Nf6 4. e5 Nfd7 5. f4 c5 6. Nf3 Nc6 7. Be3 cxd4 8. Nxd4 Bc5 9. Qd3 O-O 10. O-O-O a6 11.
Kb1 Bxd4 12. Bxd4 b5 13. Be3 b4 14. Na4 a5 15. Nc5 Re8 16. c4 Nxc5 17. Bxc5 Ba6 18. Qe3 a4 19. cxd5 Bxf1 20. Rhxf1 exd5 21. Qf3 Rc8 22. Qxd5 Qh4 23. h3 a3 24. b3 Red8 25. Bd6 Ne7 26. Qe4 Ng6 27. Bxb4 Rxd1+ 28. Rxd1 Qf2 29.
Qc6 Qb2# 0-1

[Event "*** Titled Tuesday 3|2 Blitz"]
[Site "Chess.com"]
[Date "2016.03.01"]
[Round "4"]
[White "Gau_truc_lon"]
[Black "Kawhi_Leonard2"]
[Result "0-1"]
[WhiteElo "2145"]
[BlackElo "2080"]
[TimeControl "180+2"]
[EndTime "17:42:35 PST"]
[Termination "Kawhi_Leonard2 won by resignation"]

1. e4 c5 2. Nf3 d6 3. c3 Nf6 4. h3 g6 5. Bd3 Bg7 6. Bc2 Nc6 7. O-O O-O 8. a3 e5 9. d4 Qc7 10. d5 Ne7 11. b4 b6 12. a4 a5 13. b5 Ne8 14. Na3 h6 15. Nc4 f5 16. exf5 gxf5 17. Ne1 Ng6 18. Qh5 Kh7 19. g4 Nf6 20. Qxf5 Bxf5 21. Bxf5 Ng8 22. Bc2 Ne7 23. Ng2 Kh8 24.
Re1 Rf3 25. Nge3 Rxh3 26. Kg2 Nf4+ 27. Kg1 Neg6 28. Be4 Rf8 29. Nf5 Nh4 30. Ncxd6 Nxf5 31. Nxf5 Rxf5 32. Bxf5 Qd8 33. Bxf4 exf4 34. Kg2 Qh4 35. Re8+ Bf8 36. Rxf8+ Kg7 0-1

[Event "*** Titled Tuesday 3|2 Blitz"]
[Site "Chess.com"]
[Date "2016.03.01"]
[Round "4"]
[White "hermionegrangermagic"]
[Black "Titus369"]
[Result "1-0"]
[WhiteElo "2309"]
[BlackElo "2264"]
[TimeControl "180+2"]
[EndTime "17:42:47 PST"]
[Termination "hermionegrangermagic won by resignation"]

1. e4 c5 2. Nf3 d6 3. d4 cxd4 4. Nxd4 Nf6 5. Nc3 a6 6. a4 e6 7.
Be2 Nbd7 8. f4 b6 9. O-O Bb7 10. Bf3 Qc7 11. Qe1 Be7 12. Be3 O-O 13. Qg3 Nc5 14. e5 dxe5 15. fxe5 Ne8 16. Bxb7 Nxb7 17. Ne4 Nc5 18. Ng5 g6 19. Qh4 Bxg5 20. Qxg5 Nd7 21.
Bf4 Ng7 22. h3 Qd8 23. Qh6 f6 24. Qxg7+ Kxg7 25. Nxe6+ Kg8 26. Nxd8 Raxd8 27. e6 Rfe8 28. exd7 Rxd7 29. Rad1 Rde7 30. Rd6 Re6 31. Rfd1 Kf7 32. Rxe6 Rxe6 33. Rd6 Rxd6 34. Bxd6 b5 35. axb5 axb5 1-0

[Event "*** Titled Tuesday 3|2 Blitz"]
[Site "Chess.com"]
[Date "2016.03.01"]
[Round "4"]
[White "LADIESGET2KNOWME"]
[Black "kikydu96"]
[Result "0-1"]
[WhiteElo "2358"]
[BlackElo "2278"]
[TimeControl "180+2"]
[EndTime "17:42:53 PST"]
[Termination "kikydu96 won by resignation"]

1. d4 d5 2. Nc3 Nf6 3. Bg5 c6 4.
Qd3 g6 5. e4 dxe4 6. Nxe4 Nxe4 7. Qxe4 Bg7 8. O-O-O Be6 9. Nf3 O-O 10. Bd3 Re8 11. Kb1 Qa5 12. c4 b5 13. Bd2 Qa6 14.
d5 Bf5 15. Qe2 Bxd3+ 16. Qxd3 bxc4 17. Qe4 Qb5 18. Bc1 c3 19. d6 Nd7 20. dxe7 Nc5 21.
Qf4 Nd3 22. Qe3 Nxb2 23. Nd4 Nxd1+ 24. Nxb5 Nxe3 25. Bxe3 cxb5 0-1

[Event "*** Titled Tuesday 3|2 Blitz"]
[Site "Chess.com"]
[Date "2016.03.01"]
[Round "4"]
[White "dretch"]
[Black "Fins0905"]
[Result "1-0"]
[WhiteElo "2553"]
[BlackElo "2443"]
[TimeControl "180+2"]
[EndTime "17:43:26 PST"]
[Termination "dretch won on time"]

1. d4 d5 2. c4 c6 3. Nf3 Nf6 4. Nc3 dxc4 5. a4 Bf5 6. Ne5 Na6 7. e3 Nb4 8. Bxc4 e6 9. O-O Bd6 10. Qe2 Bg6 11. e4 Nd7 12. f4 Nxe5 13. dxe5 Bc5+ 14.
Kh1 Qh4 15. g4 h5 16. g5 O-O-O 17. f5 Bh7 18. g6 fxg6 19. Bxe6+ Kb8 20. Bf4 gxf5 21.
Bxf5 Qe7 22. Qg2 Rdf8 23. e6+ Ka8 24. Bg5 Qc7 25. Rad1 g6 26. Rd7 Qe5 27. e7 Re8 28.
Bh3 Bxe7 29. Rxe7 Rxe7 30. Bf6 Qc7 31. Bxh8 a5 32. Rf8+ Ka7 33. Bd4+ b6 34. e5 1-0

[Event "*** Titled Tuesday 3|2 Blitz"]
[Site "Chess.com"]
[Date "2016.03.01"]
[Round "4"]
[White "DanielNaroditsky"]
[Black "GMHess"]
[Result "1-0"]
[WhiteElo "2591"]
[BlackElo "2620"]
[TimeControl "180+2"]
[EndTime "17:43:36 PST"]
[Termination "DanielNaroditsky won by checkmate"]

1. Nf3 Nf6 2. b3 e6 3. Bb2 a5 4.
a4 d5 5. g3 Be7 6. Bg2 O-O 7.
O-O Nc6 8. e3 b6 9. d4 Ba6 10. Re1 Rc8 11. Nbd2 Nb4 12. Ne5 Nd7 13. Ndf3 Nxe5 14. Nxe5 f6 15. Nd3 Nxd3 16. cxd3 Bb4 17. Re2 f5 18. Rc2 Rf7 19. Rac1 c5 20. dxc5 Rxc5 21.
Bd4 Rxc2 22. Qxc2 Ba3 23. Ra1 Bb4 24. Qc6 Qd7 25. Qxb6 Bxd3 26. Rc1 h6 27. Be5 Re7 28. h4 Kf7 29. Bf3 Kg6 30. Rc7 Qd8 31. Qxe6+ Rxe6 32. Rxg7# 1-0

[Event "*** Titled Tuesday 3|2 Blitz"]
[Site "Chess.com"]
[Date "2016.03.01"]
[Round "4"]
[White "GrigorGrigorov"]
[Black "pKiLz5Rn9b"]
[Result "1-0"]
[WhiteElo "2529"]
[BlackElo "2491"]
[TimeControl "180+2"]
[EndTime "17:43:38 PST"]
[Termination "GrigorGrigorov won by resignation"]

1. d4 e6 2. c4 Nf6 3. Nf3 b6 4. g3 Bb7 5. Bg2 d5 6. O-O Be7 7. Nc3 O-O 8. cxd5 exd5 9. Bf4 Na6 10. a3 c5 11. dxc5 bxc5 12. Rc1 d4 13. Na4 Re8 14. b4 cxb4 15. axb4 Nxb4 16. Qxd4 Qxd4 17. Nxd4 Bxg2 18. Kxg2 Nfd5 19. Bd2 a5 20. e4 Nf6 21. f3 Red8 22.
Be3 Rac8 23. Nf5 Bf8 24. Bb6 Rd2+ 25. Kh3 Rxc1 26. Rxc1 g6 27. Ne3 Nd3 28. Rc8 Kg7 29. Nc4 Rc2 30. Nd6 Ra2 31. Nc3 Rb2 32. Bd4 Nf2+ 33.
Kh4 Nxe4 34. Ncxe4 Rxh2+ 35. Kg5 h6+ 36. Kf4 Bxd6+ 37.
Nxd6 Rd2 38. Ne8+ Kf8 39. Nxf6+ Ke7 40. Be5 Rd8 41. Rxd8 Kxd8 42. Nd5 Kd7 43. Nb6+ Kc6 44. Nc4 a4 45. Na3 Kc5 46. Bg7 Kb4 47. Bf8+ Kb3 48.
Ke5 Kc3 49. Kf6 Kd3 50. Kxf7 Ke3 51. Kxg6 Kxf3 52. Bd6 1-0

[Event "*** Titled Tuesday 3|2 Blitz"]
[Site "Chess.com"]
[Date "2016.03.01"]
[Round "4"]
[White "FairChess_on_YouTube"]
[Black "chessdude"]
[Result "1-0"]
[WhiteElo "2755"]
[BlackElo "2390"]
[TimeControl "180+2"]
[EndTime "17:43:55 PST"]
[Termination "FairChess_on_YouTube won by resignation"]

1. d4 d5 2. Nf3 Nf6 3. c4 c6 4. Nc3 e6 5. g3 dxc4 6. Bg2 Nbd7 7. O-O b5 8. e4 Bb7 9. e5 Nd5 10. Ng5 Be7 11. Qh5 g6 12. Qh6 Bf8 13. Qh3 Be7 14. Qh6 Bf8 15. Qh3 Be7 16. Nge4 Qb6 17. a4 b4 18. Ne2 a5 19. Bg5 Bxg5 20.
Nxg5 c5 21. Ne4 cxd4 22. Nd6+ Ke7 23. Qh4+ f6 24. Nxc4 Qc7 25. Nxd4 g5 26. Qh6 Rag8 27. Rac1 Nxe5 28. Nxe6 Kxe6 29. Nxe5 Qxe5 30. Rfe1 Rc8 31. Rxe5+ Kxe5 32. Re1+ Kd6 33. Bxd5 Bxd5 34. Qxf6+ Kc5 35. Rc1+ Bc4 36. b3 1-0

[Event "*** Titled Tuesday 3|2 Blitz"]
[Site "Chess.com"]
[Date "2016.03.01"]
[Round "4"]
[White "MITerryble"]
[Black "GianmarcoVaR"]
[Result "1-0"]
[WhiteElo "2658"]
[BlackElo "2365"]
[TimeControl "180+2"]
[EndTime "17:44:12 PST"]
[Termination "MITerryble won by resignation"]

1. d4 Nf6 2. Nf3 e6 3. c4 b6 4. g3 Bb7 5. Bg2 Be7 6. Nc3 Ne4 7. Qc2 Nxc3 8. Qxc3 O-O 9. O-O c5 10. Rd1 d6 11. b3 cxd4 12. Nxd4 Bxg2 13. Kxg2 Qc8 14. Qf3 Nd7 15. Nc6 Bf6 16. Ba3 Ne5 17. Nxe5 Bxe5 18. Bxd6 Bxa1 19. Bxf8 Qxf8 20. Rxa1 Rd8 21.
Rc1 Rd2 22. a4 h6 23. Rc3 Qb4 24. Rd3 Rxd3 25. Qxd3 a5 26. h4 h5 27. Qf3 g6 28.
Qe3 Kf8 29. f3 Ke7 30. Qg5+ Kf8 31. Qe3 Ke7 32. g4 Qc5 33. Qf4 Qb4 34. gxh5 gxh5 35.
Qg5+ Ke8 36. Qxh5 Qxb3 37. Qb5+ Qxb5 38. cxb5 1-0

[Event "*** Titled Tuesday 3|2 Blitz"]
[Site "Chess.com"]
[Date "2016.03.01"]
[Round "4"]
[White "MinhGTrAn"]
[Black "AlexanderL"]
[Result "1-0"]
[WhiteElo "2678"]
[BlackElo "2575"]
[TimeControl "180+2"]
[EndTime "17:44:28 PST"]
[Termination "MinhGTrAn won by resignation"]

1. d4 d5 2. c4 c6 3. Nc3 Nf6 4. cxd5 cxd5 5. Bf4 Nc6 6. e3 Bg4 7. f3 Bd7 8. g4 e6 9. h4 Qb6 10. Qd2 Rc8 11. Nge2 Na5 12. b3 Bb4 13. Kf2 Bb5 14. Qb2 Bxc3 15. Nxc3 Bxf1 16. Rhxf1 Nc4 17. Qe2 Nd6 18.
Rac1 Rxc3 19. Bxd6 Rxc1 20. Rxc1 Qxd6 21. Rc8+ Ke7 22. Rxh8 Qh2+ 23. Ke1 Qg1+ 24. Kd2 Qb1 25. Qd1 Qxa2+ 26. Qc2 Qa5+ 27. Ke2 h6 28. Qc5+ Qxc5 29. dxc5 Ne8 30. f4 a6 31. Kd3 Kd7 32. Kc3 f6 33. Kb4 e5 34. g5 hxg5 35. fxg5 fxg5 36. hxg5 Nc7 37. Rb8 Kc6 38. Rg8 Ne6 39. g6 a5+ 40. Kxa5 Kxc5 41. b4+ Kc4 42. Re8 Nc7 43. Rxe5 d4 44.
Rc5+ Kb3 45. Rxc7 dxe3 46. Re7 b6+ 47. Kb5 1-0

[Event "*** Titled Tuesday 3|2 Blitz"]
[Site "Chess.com"]
[Date "2016.03.01"]
[Round "4"]
[White "spectralsoul"]
[Black "jcibarra"]
[Result "1-0"]
[WhiteElo "2546"]
[BlackElo "2489"]
[TimeControl "180+2"]
[EndTime "17:45:18 PST"]
[Termination "spectralsoul won by resignation"]

1. g3 d5 2. Bg2 Nf6 3. Nf3 Bg4 4. d3 Nbd7 5. Nbd2 e5 6. h3 Bh5 7. g4 Bg6 8. Nh4 c6 9. e3 Bd6 10. O-O O-O 11. Qe1 Re8 12. Nxg6 hxg6 13. b3 a5 14. a3 Nc5 15. Bb2 Ne6 16. Qd1 Qc7 17. c4 d4 18. Re1 Bc5 19. Kh1 Rad8 20. Qc2 dxe3 21.
fxe3 Qd6 22. Bf1 e4 23. d4 Ba7 24. Bg2 Ng5 25. Bc3 Bb8 26. Nf1 Bc7 27. Qf2 Nf3 28. Re2 g5 29. a4 Nh4 30. Rb2 Re6 31. b4 Nxg4 32. hxg4 Rh6 33. Kg1 Qe6 34. Qe2 f5 35.
d5 cxd5 36. cxd5 Rxd5 37. Qc4 Bb8 38. gxf5 Qxf5 39. Qxe4 Qxe4 40. Bxe4 Rd7 41. Rd2 Re7 42. Rd8+ Kf7 43. Bd5+ Kg6 44. Rxb8 g4 45. Bd4 Nf5 46. Rxb7 Re8 47. Bf7+ 1-0

[Event "*** Titled Tuesday 3|2 Blitz"]
[Site "Chess.com"]
[Date "2016.03.01"]
[Round "4"]
[White "chesstatour"]
[Black "maciek_92"]
[Result "0-1"]
[WhiteElo "2000"]
[BlackElo "2450"]
[TimeControl "180+2"]
[EndTime "17:45:25 PST"]
[Termination "maciek_92 won by resignation"]

1. c4 Nf6 2. Nc3 e5 3. Nf3 Nc6 4. d4 exd4 5. Nxd4 Bc5 6. Nc2 O-O 7. g3 d6 8. Bg2 Bf5 9. O-O h6 10. Kh1 Re8 11. f3 Bxc2 12. Qxc2 Be3 13. Bxe3 Rxe3 14. Qd2 Qe7 15. Ne4 Nxe4 16. fxe4 Rxe4 17. Bxe4 Qxe4+ 18. Kg1 Qxc4 19. Qf4 Qe6 20. e3 Re8 21.
Rfe1 Re7 22. b3 Ne5 23. Rad1 Qg6 24. e4 Re6 25. Qe3 Qh5 26. Kg2 Ng4 27. Qg1 Qa5 28. Re2 Qb5 29. Rde1 Ne5 30. Qe3 a5 31. Rf1 Ng4 32.
Qf3 Nf6 33. Rfe1 Re5 34. h3 h5 35. Re3 Qd7 36. R1e2 Qe6 37. Qf4 Qe8 38. Qf2 Qb5 39. Qf3 Nd7 40. Qf1 Nc5 41. Re1 Qd7 42. Qf3 Qe7 43. R1e2 Ne6 44. Re1 Qd7 45. Rd1 Ng5 46. Qf4 Qxh3+ 47. Kg1 Qe6 48. Rd5 Nh3+ 0-1

[Event "*** Titled Tuesday 3|2 Blitz"]
[Site "Chess.com"]
[Date "2016.03.01"]
[Round "4"]
[White "Recombinant"]
[Black "TheMagician"]
[Result "1/2-1/2"]
[WhiteElo "2203"]
[BlackElo "2141"]
[TimeControl "180+2"]
[EndTime "17:45:37 PST"]
[Termination "Game drawn by repetition"]

1. d4 Nf6 2. c4 g6 3. Nc3 Bg7 4. Nf3 d6 5. Bg5 O-O 6. e3 Nbd7 7. Be2 e5 8. Qc2 Re8 9. O-O c6 10. Rfd1 Qc7 11. Rac1 a5 12. a3 h6 13. Bh4 Nf8 14.
dxe5 dxe5 15. Nd2 Bf5 16. Nde4 Nxe4 17. Nxe4 Ne6 18. Bf3 Nc5 19. b4 Nxe4 20. Bxe4 Bxe4 21. Qxe4 f5 22. Qf3 axb4 23. axb4 Qf7 24. h3 g5 25. Bg3 f4 26. Bh2 e4 27. Qg4 fxe3 28.
fxe3 Rad8 29. Rf1 Qe6 30. Qxe6+ Rxe6 31. Rcd1 Ree8 32. Bc7 Rd3 33. Kf2 Bc3 34. b5 Bb4 35.
Ke2 Bc5 36. Rxd3 exd3+ 37. Kxd3 Rxe3+ 38. Kd2 Re7 39. Bg3 Re4 40. bxc6 bxc6 41. Rf6 Rd4+ 42. Ke2 Rxc4 43. Rxc6 Rc2+ 44. Kf3 Rc3+ 45. Kg4 h5+ 46.
Kxh5 Rxg3 47. Rxc5 Rxg2 48. Kg6 Kf8 49. Rf5+ Ke7 50.
Rxg5 Rh2 51. Rg3 Kf8 52. Kh7 Rf2 53. h4 Rf4 54. h5 Kf7 55. h6 Kf8 56. Rg6 Kf7 57.
Rg7+ Kf8 58. Ra7 Rg4 59. Ra8+ Kf7 60. Ra7+ Kf8 61. Ra2 Rf4 62. Rg2 Rf7+ 63. Rg7 Rf1 64. Rg8+ Kf7 65. Rg7+ Kf8 66. Rg8+ Kf7 67. Rg7+ Kf8 68.
Rg8+ Kf7 69. Rg7+ 1/2-1/2

[Event "*** Titled Tuesday 3|2 Blitz"]
[Site "Chess.com"]
[Date "2016.03.01"]
[Round "4"]
[White "jcgs1030"]
[Black "MMSANCHEZ"]
[Result "1-0"]
[WhiteElo "2210"]
[BlackElo "2262"]
[TimeControl "180+2"]
[EndTime "17:47:13 PST"]
[Termination "jcgs1030 won by resignation"]

1. e4 e6 2. c4 c5 3. Nf3 Nc6 4. Nc3 a6 5. d4 cxd4 6. Nxd4 Qc7 7. Be2 Nf6 8. O-O Bc5 9. Nxc6 bxc6 10. Kh1 O-O 11. Bg5 Be7 12. f4 d6 13. Qe1 d5 14. e5 Ne4 15. Nxe4 dxe4 16. Bxe7 Qxe7 17. Bd1 f5 18. exf6 Qxf6 19. Qxe4 Qxb2 20. Bc2 g6 21.
Bb3 Qa3 22. Qxc6 Ra7 23. c5 Re7 24. Rae1 Rfe8 25. f5 Bb7 26. Rxe6 Bxc6 27. Rxe7+ Kf8 28. Rf7+ Kg8 29. fxg6 hxg6 30. h4 Kh8 31. h5 Qxc5 32. hxg6 Qh5+ 33. Kg1 Qxg6 34. R7f2 Rb8 35. Re1 a5 36. Re3 a4 37. Bc2 Qg5 38. Rh3+ Kg7 39.
Kh2 Qe5+ 40. Rg3+ Kh6 41. Rf5 Qxg3+ 42. Kxg3 Rg8+ 43. Kf4 Rxg2 44. Rf6+ Kg7 45. Rxc6 a3 46. Ke3 Kf7 47. Bb3+ Ke7 48. Ra6 Kd7 49. Rxa3 Kc6 50. Kd3 Kc5 51. Ra5+ Kb4 52. Rf5 Rg3+ 53. Ke4 Rg4+ 54.
Rf4 Rg1 55. Kd5+ Kb5 56. Rd4 Rg5+ 57. Ke4 Rg7 58. Kd3 Kc5 59. Kc3 Rg3+ 60. Rd3 Rg4 61. a4 Kb6 62. Rd4 Rg5 63. Kb4 Kc6 64. Bc4 Kb6 65.
Bb5 Rg6 66. a5+ Kc7 67. Kc5 Rg5+ 68. Rd5 Rg7 69. a6 Kb8 70. Kb6 Rb7+ 71. Ka5 Rc7 72. Rd8+ Ka7 73. Rd7 Kb8 74. Rxc7 Kxc7 75. Bf1 Kb8 76. Kb6 1-0

[Event "*** Titled Tuesday 3|2 Blitz"]
[Site "Chess.com"]
[Date "2016.03.01"]
[Round "4"]
[White "Zazuliak"]
[Black "davidarenas1224"]
[Result "1/2-1/2"]
[WhiteElo "2344"]
[BlackElo "2209"]
[TimeControl "180+2"]
[EndTime "17:47:14 PST"]
[Termination "Game drawn by stalemate"]

1. d4 Nf6 2. c4 g6 3. Nc3 Bg7 4. Nf3 O-O 5. e4 d6 6. Be2 e5 7.
O-O Na6 8. Be3 Ng4 9. Bg5 Qe8 10. h3 exd4 11. Nxd4 Ne5 12. Nd5 f6 13. Be3 c6 14.
Nc3 Nc5 15. Re1 Nf7 16. Qc2 a5 17. Rad1 Bd7 18. b3 Rd8 19. Bf1 Bc8 20. g3 Qe7 21.
Bg2 Rfe8 22. Kh2 Qc7 23. f4 Nh6 24. Bf2 f5 25. exf5 Nxf5 26. Qd2 Kh8 27. Nxf5 Bxf5 28.
Rxe8+ Rxe8 29. Bd4 Ne4 30. Nxe4 Bxe4 31. Re1 d5 32.
cxd5 cxd5 33. Bxg7+ Qxg7 34. Bxe4 dxe4 35. Qd5 Qe7 36. Re3 b6 37. h4 Qe6 38. Qxe6 Rxe6 39.
g4 Kg7 40. Kg3 h5 41. gxh5 gxh5 42. f5 Re5 43. Kf4 Kf6 44. Rxe4 Rxf5+ 45. Ke3 Rc5 46. Kd3 Rc1 47. Rc4 Rd1+ 48. Kc2 Rd6 49. Kc3 Kf5 50. a4 Rg6 51. Rd4 Rg4 52. Rd6 Rb4 53. Rd1 Rxh4 54. Rd5+ Ke6 55. Rb5 Rb4 56. Rxh5 Kd6 57. Rg5 Kc6 58. Rf5 Kb7 59. Re5 Ka6 60. Rd5 Rh4 61. Rd4 Rh3+ 62. Kc4 Rg3 63. Rd5 Rg4+ 64. Rd4 Rg3 65.
Rd3 Rxd3 66. Kxd3 b5 67. Kd4 bxa4 68. bxa4 Ka7 69. Kc5 Ka8 70. Kb6 Kb8 71. Kxa5 Ka8 72. Ka6 Kb8 73. Kb6 Ka8 74. a5 Kb8 75. a6 Ka8 76. Kb5 Kb8 77. Kb6 Ka8 78. a7 1/2-1/2

[Event "*** Titled Tuesday 3|2 Blitz"]
[Site "Chess.com"]
[Date "2016.03.01"]
[Round "4"]
[White "Dlugy"]
[Black "vellottiwizard"]
[Result "1-0"]
[WhiteElo "2604"]
[BlackElo "2448"]
[TimeControl "180+2"]
[EndTime "17:47:32 PST"]
[Termination "Dlugy won by resignation"]

1. d4 Nf6 2. Bf4 e6 3. e3 b6 4. Nf3 Bb7 5. h3 c5 6. Nbd2 Be7 7. c3 O-O 8. Bd3 d6 9. Bh2 Nbd7 10. O-O cxd4 11.
exd4 Rc8 12. a4 a5 13. Re1 Nd5 14. Nc4 N7f6 15. Nfd2 Ba6 16. Qf3 Bb7 17. Qe2 Qc7 18. Ra3 Rfd8 19. Rb3 Bc6 20. Ra1 Rb8 21. Bg3 Qd7 22.
Rba3 Rbc8 23. Nf1 Rb8 24. Nfe3 Qb7 25. Rb3 Qd7 26. Nxd5 Nxd5 27. Rba3 Bf8 28. R3a2 Re8 29. Qc2 f5 30. Re1 Nf6 31. Bh4 Nd5 32. Bg5 h6 33.
Bd2 Nf6 34. Raa1 Bd5 35. Re2 Bc6 36. Bf4 Rbd8 37. Nxb6 Qb7 38. d5 Nxd5 39. Nxd5 Bxd5 40. f3 e5 41. Bb5 Bc6 42. Qb3+ Kh8 43. Be3 Rb8 44. c4 d5 45. cxd5 Bxb5 46. axb5 Qxb5 47. Qxb5 Rxb5 48. Rd2 Rd8 49. Rad1 Kg8 50. d6 Rd7 51. Rd5 Rxb2 52. Rxe5 a4 53. Rxf5 a3 54. Ra5 Bxd6 55. Rxa3 Bh2+ 56. Kxh2 Rxd1 57. Ra7 Re2 58. Ra3 Kh7 59. h4 Rb1 60. Bd4 Rb4 61. Rd3 Rc4 62. f4 g6 63. Be5 g5 64. hxg5 hxg5 65. Kg3 Ree4 66. Rd7+ Kg6 67. Rg7+ Kf5 68. Rxg5+ Ke6 69. Kf3 Re1 70. g3 Rc8 71. Rg6+ Kf7 72. Rg7+ Ke6 73. Kg4 Rc2 74. Rg6+ Kf7 75. Kf5 Rxe5+ 76. fxe5 Rf2+ 77. Kg5 Re2 78. e6+ Ke7 79. g4 1-0

[Event "*** Titled Tuesday 3|2 Blitz"]
[Site "Chess.com"]
[Date "2016.03.01"]
[Round "4"]
[White "TheLancer"]
[Black "Miguelito"]
[Result "1/2-1/2"]
[WhiteElo "2406"]
[BlackElo "2302"]
[TimeControl "180+2"]
[EndTime "17:47:39 PST"]
[Termination "Game drawn by repetition"]

1. e4 c5 2. Nf3 e6 3. d4 cxd4 4.
Nxd4 Nc6 5. Nb5 d6 6. Bf4 e5 7. Be3 a6 8. N5c3 Nf6 9. Bg5 Be7 10.
Nd2 O-O 11. Bxf6 Bxf6 12. Nc4 Nd4 13. Nd5 Be6 14. Nce3 Bg5 15. c3 Nc6 16. h4 Bxe3 17. Nxe3 Ne7 18. c4 b5 19. b3 bxc4 20. Bxc4 Bxc4 21.
Nxc4 d5 22. exd5 Nxd5 23. O-O f6 24. Qf3 Nf4 25. Rfd1 Qe7 26. g3 Ne6 27. Rd6 Nd4 28. Qd5+ Kh8 29. Re1 Qf7 30. Qxf7 Rxf7 31. Kg2 h5 32. f4 Nb5 33. fxe5 Nxd6 34. exd6 Rd8 35. Rd1 Kh7 36. Rd5 Kh6 37. Ra5 Ra7 38. Kf3 g5 39. Ke4 Kg6 40. Kd5 Kf5 41. Ne3+ Kg6 42. b4 Rb7 43. a3 Rb6 44. Nc4 Rb5+ 45. Rxb5 axb5 46.
Ne3 f5 47. hxg5 Kxg5 48. Ng2 Kg4 49. Nf4 Kxg3 50. Nxh5+ Kh4 51. Ng7 f4 52. Ne6 f3 53.
Nxd8 f2 54. Nc6 f1=Q 55. d7 Qf7+ 56. Kd6 Qf6+ 57. Kc7 Qf7 58. Kc8 Qe6 59. Nd4 Qg4 60.
Nf3+ Kg3 61. Ne5 Qe6 62. Nf7 Qc6+ 63. Kd8 Qf6+ 64. Ke8 Qe6+ 65. Kd8 Qxf7 66. Kc7 Kf4 67. Kc8 Qe6 68. Kc7 Qc4+ 69. Kb7 Qd5+ 70. Kc7 Qe5+ 71. Kc6 Qh8 72. Kc7 Qc3+ 73. Kb7 Qd3 74. Kc7 Qc4+ 75. Kb7 Qd5+ 76. Kc7 Qf7 77. Kc8 Qf5 78. Kc7 Qc2+ 79.
Kb7 Qd3 80. Kc7 Qc4+ 81. Kb7 Qd5+ 82. Kc7 Qc4+ 83. Kb7 1/2-1/2

[Event "*** Titled Tuesday 3|2 Blitz"]
[Site "Chess.com"]
[Date "2016.03.01"]
[Round "4"]
[White "Aygehovit1992"]
[Black "IMRosen"]
[Result "1-0"]
[WhiteElo "2412"]
[BlackElo "2262"]
[TimeControl "180+2"]
[EndTime "17:49:08 PST"]
[Termination "Aygehovit1992 won by checkmate"]

1. e4 d5 2. exd5 Nf6 3. d4 Bg4 4. f3 Bf5 5. Bb5+ c6 6. dxc6 bxc6 7.
Bc4 e6 8. Ne2 Bd6 9. c3 Qc7 10.
g3 h5 11. Bg5 Nbd7 12. Nd2 Rb8 13. Bb3 Nd5 14. Nc4 Bf8 15. Qd2 a5 16. Kf2 c5 17.
Ne3 Nxe3 18. Bxe3 c4 19. Ba4 Bd6 20. b3 Bd3 21. Nf4 Bf5 22. h4 Ke7 23. Rhg1 Nf6 24. bxc4 Qxc4 25. Bb3 Qa6 26. Bd1 a4 27. Be2 Qa5 28. c4 Qxd2 29. Bxd2 Rb2 30. Rgd1 Bc2 31. Rdc1 Bxf4 32. gxf4 Bf5 33. Bc3 Rbb8 34. a3 Rhc8 35. Bb4+ Ke8 36. Bd1 Ra8 37. Ra2 Bd3 38. Be2 Bxe2 39.
Kxe2 Nd5 40. Bd2 Nb6 41. Kd3 Rc6 42. Rb2 Rd8 43. Rb4 Nd7 44. Be3 Nc5+ 45. Ke2 Nb3 46. Rd1 Rdc8 47. Rxa4 Rxc4 48. Rxc4 Rxc4 49. Kd3 Ra4 50.
Kc3 Na5 51. Ra1 Rc4+ 52. Kd3 Ra4 53. Ra2 Nb3 54. Kc3 Na5 55. Kd3 Kd7 56. Bd2 Nc6 57.
Bc3 Kd6 58. Ke4 g6 59. Ra1 Ne7 60. Kd3 Nf5 61. Kc2 Nxd4+ 62. Kb2 Nxf3 63. Kb3 Ra8 64.
a4 Nxh4 65. a5 Nf5 66. Ka4 Kc6 67. Bb4 Ne3 68. Rc1+ Kd7 69. Bc5 Nd5 70. Kb5 Rb8+ 71. Bb6 Ke7 72. Ka6 Kf6 73. Ka7 Rh8 74. a6 Nxb6 75.
Kxb6 Ra8 76. Kb7 Rxa6 77. Kxa6 Kf5 78. Kb5 h4 79. Kc4 Ke4 80. Rh1 Kxf4 81. Rxh4+ Kg3 82. Rh7 f5 83. Rh6 g5 84. Rxe6 g4 85. Kd3 Kf3 86. Rf6 f4 87. Kd2 g3 88. Ke1 Kg2 89. Rxf4 Kh1 90. Rg4 Kh2 91. Ke2 g2 92. Kf2 Kh1 93.
Rh4# 1-0

[Event "*** Titled Tuesday 3|2 Blitz"]
[Site "Chess.com"]
[Date "2016.03.01"]
[Round "5"]
[White "thegreendog"]
[Black "LADIESGET2KNOWME"]
[Result "0-1"]
[WhiteElo "2230"]
[BlackElo "2363"]
[TimeControl "180+2"]
[EndTime "17:52:30 PST"]
[Termination "LADIESGET2KNOWME won by resignation"]

1. d4 Nf6 2. Bg5 Ne4 3. Bf4 c5 4. c3 Qb6 5. Qb3 cxd4 6. Qxb6 axb6 7. cxd4 Nc6 8. Be3 Nb4 9. Kd1 Nxa2 10. f3 Nac3+ 11.
Kc2 Rxa1 12. bxc3 Nxc3 13. Nd2 Nd1 0-1

[Event "*** Titled Tuesday 3|2 Blitz"]
[Site "Chess.com"]
[Date "2016.03.01"]
[Round "5"]
[White "jk13"]
[Black "kikydu96"]
[Result "1-0"]
[WhiteElo "2449"]
[BlackElo "2274"]
[TimeControl "180+2"]
[EndTime "17:53:01 PST"]
[Termination "jk13 won by checkmate"]

1. e4 e5 2. Nf3 Nc6 3. Bc4 Nf6 4. d3 Bc5 5. c3 d6 6. O-O a6 7. Bb3 Ba7 8. Nbd2 O-O 9. h3 Ne7 10. Re1 Ng6 11. Nf1 Be6 12. Bc2 h6 13. Ng3 d5 14.
exd5 Nxd5 15. d4 exd4 16. Bxg6 dxc3 17. Bc2 Qd6 18. Qd3 g6 19. Ne4 Qb6 20. Bxh6 Rfd8 21.
Qe2 cxb2 22. Rab1 Bf5 23. Bb3 c6 24. Qxb2 Re8 25. Qg7# 1-0

[Event "*** Titled Tuesday 3|2 Blitz"]
[Site "Chess.com"]
[Date "2016.03.01"]
[Round "5"]
[White "djgwards"]
[Black "TheLancer"]
[Result "0-1"]
[WhiteElo "2242"]
[BlackElo "2411"]
[TimeControl "180+2"]
[EndTime "17:53:06 PST"]
[Termination "TheLancer won by resignation"]

1. d4 Nf6 2. c4 e6 3. Nf3 Bb4+ 4. Bd2 Qe7 5. g3 Nc6 6. Nc3 Bxc3 7. Bxc3 Ne4 8. Rc1 Nxc3 9. Rxc3 d6 10. d5 Nb8 11.
dxe6 Bxe6 12. Bg2 O-O 13. O-O a5 14. Nd4 Bc8 15. Qc2 Na6 16. Re3 Qf6 17. Rd1 Nc5 18.
b3 Bd7 19. a3 Rae8 20. Qc3 Rxe3 21. Qxe3 Re8 22. Qc3 b6 23. b4 axb4 24. axb4 Ne4 25. Qd3 Nxf2 0-1